NWL (28 & UNDER)
RED DEER WRANGLERS @ BISMARK BORDER GUARDS
08/18/2030
 
TOP OF THE 1ST
Red Deer Wranglers batting - Pitching for Bismark Border Guards : LHP Jeffrey Glass
Pitching: LHP Jeffrey Glass
Batting: LHB Rubén Salazar 0-0: Ball
1-0: SINGLE (Flyball, 8LS)
Batting: LHB Jorge Olvera 0-0: Foul Ball, location: 2F
0-1: Ball
1-1: Foul Ball, location: 2F
1-2: Foul Ball, location: 2F
1-2: Ball
2-2: Fly out, F5 (Flyball, 5D)
Batting: RHB Steve Burton 0-0: Ball
1-0: Ball
2-0: Ball
3-0: Called Strike
3-1: Called Strike
3-2: Foul Ball, location: 2F
3-2: Foul Ball, location: 2F
3-2: Strikes out swinging
Batting: RHB Ben Fisher 0-0: Called Strike
0-1: Foul Ball, location: 2F
0-2: Ball
1-2: Ball
2-2: Ball
3-2: Base on Balls
Rubén Salazar to second
Batting: LHB Héctor Santos 0-0: Fly out, F9 (Flyball, 9LS)
Top of the 1st over - 0 runs, 1 hit, 0 errors, 2 left on base; Red Deer 0 - Bismark 0
BOTTOM OF THE 1ST
Bismark Border Guards batting - Pitching for Red Deer Wranglers : RHP Melvin Hicks
Pitching: RHP Melvin Hicks
Batting: LHB Cisco Villanueva 0-0: Ball
1-0: Foul Ball, location: 2F
1-1: Swinging Strike
1-2: Strikes out swinging
Batting: RHB Sergio Solíz 0-0: Called Strike
0-1: Swinging Strike
0-2: Foul Ball, location: 2F
0-2: Ball
1-2: Ball
2-2: Ball
3-2: Ground out 5-3 (Groundball, 5)
Batting: RHB Vincent Braun 0-0: Called Strike
0-1: Swinging Strike
0-2: Ball
1-2: Fly out, F7 (Flyball, 7LS)
Bottom of the 1st over - 0 runs, 0 hits, 0 errors, 0 left on base; Red Deer 0 - Bismark 0
TOP OF THE 2ND
Red Deer Wranglers batting - Pitching for Bismark Border Guards : LHP Jeffrey Glass
Batting: RHB Rijk de Rade 0-0: Ball
1-0: Ground out 4-3 (Groundball, 4M)
Batting: LHB Francisco Blanco 0-0: Foul Ball, location: 2F
0-1: Foul Ball, location: 2F
0-2: Foul Ball, location: 2F
0-2: Ball
1-2: Fly out, F8 (Flyball, 8LM)
Batting: RHB Allen Brown 0-0: Ball
1-0: Ball
2-0: SINGLE (Groundball, 6S) (infield hit)
Batting: RHB Art Cameron 0-0: Ball
1-0: Ball
2-0: Called Strike
2-1: Ball
3-1: Foul Ball, location: 2F
3-2: Base on Balls
Allen Brown to second
Batting: LHB Rubén Salazar 0-0: Ball
1-0: Swinging Strike
1-1: Ball
2-1: Ground out 1-3 (Groundball, 13S)
Top of the 2nd over - 0 runs, 1 hit, 0 errors, 2 left on base; Red Deer 0 - Bismark 0
BOTTOM OF THE 2ND
Bismark Border Guards batting - Pitching for Red Deer Wranglers : RHP Melvin Hicks
Batting: RHB Enrique Soto 0-0: Swinging Strike
0-1: Fly out, F5 (Line Drive, 56)
Batting: RHB Mario Carranza 0-0: Called Strike
0-1: Called Strike
0-2: Ball
1-2: Strikes out looking
Batting: RHB Danny Spode 0-0: Ball
1-0: Ball
2-0: Ball
3-0: Called Strike
3-1: Base on Balls
Batting: RHB Leonard Harris 0-0: Ball
1-0: Ball
2-0: Foul Ball, location: 2F
2-1: Called Strike
2-2: Ball
3-2: Foul Ball, location: 2F
3-2: Foul Ball, location: 2F
3-2: Fly out, F7 (Flyball, 78S)
Bottom of the 2nd over - 0 runs, 0 hits, 0 errors, 1 left on base; Red Deer 0 - Bismark 0
TOP OF THE 3RD
Red Deer Wranglers batting - Pitching for Bismark Border Guards : LHP Jeffrey Glass
Batting: LHB Jorge Olvera 0-0: Ball
1-0: Swinging Strike
1-1: Swinging Strike
1-2: Ball
2-2: Strikes out looking
Batting: RHB Steve Burton 0-0: Ball
1-0: SOLO HOME RUN (Flyball, 8RXD), Distance : 432 ft
Batting: RHB Ben Fisher 0-0: Called Strike
0-1: Called Strike
0-2: Ball
1-2: Strikes out swinging
Batting: LHB Héctor Santos 0-0: Called Strike
0-1: Swinging Strike
0-2: Strikes out swinging
Top of the 3rd over - 1 run, 1 hit, 0 errors, 0 left on base; Red Deer 1 - Bismark 0
BOTTOM OF THE 3RD
Bismark Border Guards batting - Pitching for Red Deer Wranglers : RHP Melvin Hicks
Batting: RHB Jim Love 0-0: Ball
1-0: Called Strike
1-1: SINGLE (Flyball, 89M)
Batting: RHB José Vidal 0-0: Called Strike
0-1: Swinging Strike
0-2: Strikes out swinging
Batting: LHB Cisco Villanueva 0-0: Called Strike
0-1: Ball
1-1: Fly out, F5 (Popup, 5F)
Batting: RHB Sergio Solíz 0-0: Called Strike
0-1: Foul Ball, location: 2F
0-2: Foul Ball, location: 2F
0-2: Ball
1-2: Ball
2-2: Strikes out swinging
Bottom of the 3rd over - 0 runs, 1 hit, 0 errors, 1 left on base; Red Deer 1 - Bismark 0
TOP OF THE 4TH
Red Deer Wranglers batting - Pitching for Bismark Border Guards : LHP Jeffrey Glass
Batting: RHB Rijk de Rade 0-0: Ball
1-0: Swinging Strike
1-1: Foul Ball, location: 2F
1-2: Ground out 5-3 (Groundball, 5)
Batting: LHB Francisco Blanco 0-0: Called Strike
0-1: Called Strike
0-2: Strikes out swinging
Batting: RHB Allen Brown 0-0: Ball
1-0: Fly out, F9 (Flyball, 89D)
Top of the 4th over - 0 runs, 0 hits, 0 errors, 0 left on base; Red Deer 1 - Bismark 0
BOTTOM OF THE 4TH
Bismark Border Guards batting - Pitching for Red Deer Wranglers : RHP Melvin Hicks
Batting: RHB Vincent Braun 0-0: SINGLE (Line Drive, 6MD)
Batting: RHB Enrique Soto 0-0: Fly out, F9 (Flyball, 9LS)
Batting: RHB Mario Carranza 0-0: Ball
1-0: Foul Ball, location: 2F
1-1: SINGLE (Line Drive, 89M)
Vincent Braun to second
Batting: RHB Danny Spode 0-0: Foul Ball, location: 2F
0-1: Ball
1-1: Called Strike
1-2: DOUBLE (Flyball, 8RXD)
Vincent Braun scores
Mario Carranza to third
Batting: RHB Leonard Harris 0-0: Foul Ball, location: 2F
0-1: Ball
1-1: Foul Ball, location: 2F
1-2: Foul Ball, location: 2F
1-2: Strikes out swinging
Batting: RHB Jim Love 0-0: Ball
1-0: Ball
2-0: Called Strike
2-1: SINGLE (Groundball, 34D)
Mario Carranza scores
Danny Spode to third
Runner from 3rd tries for Home, SAFE, no throw
Batting: RHB José Vidal 0-0: Called Strike
0-1: SINGLE (Groundball, 4D)
Jim Love to second
Runner from 2nd tries for 3rd, SAFE, no throw
Batting: LHB Cisco Villanueva 0-0: Ball
1-0: Called Strike
1-1: Foul Ball, location: 2F
1-2: Ball
2-2: Fly out, F6 (Popup, 6)
Bottom of the 4th over - 3 runs, 5 hits, 0 errors, 2 left on base; Red Deer 1 - Bismark 3
TOP OF THE 5TH
Red Deer Wranglers batting - Pitching for Bismark Border Guards : LHP Jeffrey Glass
Batting: RHB Art Cameron 0-0: Ball
1-0: Foul Ball, location: 2F
1-1: Swinging Strike
1-2: Strikes out swinging
Batting: LHB Rubén Salazar 0-0: Ball
1-0: Fly out, F9 (Flyball, 9LD)
Batting: LHB Jorge Olvera 0-0: Called Strike
0-1: Ball
1-1: Foul Ball, location: 2F
1-2: Strikes out looking
Top of the 5th over - 0 runs, 0 hits, 0 errors, 0 left on base; Red Deer 1 - Bismark 3
BOTTOM OF THE 5TH
Bismark Border Guards batting - Pitching for Red Deer Wranglers : RHP Melvin Hicks
Batting: RHB Sergio Solíz 0-0: Foul Ball, location: 2F
0-1: Ball
1-1: Called Strike
1-2: Fly out, F7 (Flyball, 7S)
Batting: RHB Vincent Braun 0-0: Ball
1-0: Foul Ball, location: 2F
1-1: Swinging Strike
1-2: Strikes out looking
Batting: RHB Enrique Soto 0-0: Swinging Strike
0-1: Called Strike
0-2: Ground out 4-3 (Groundball, 4)
Bottom of the 5th over - 0 runs, 0 hits, 0 errors, 0 left on base; Red Deer 1 - Bismark 3
TOP OF THE 6TH
Red Deer Wranglers batting - Pitching for Bismark Border Guards : LHP Jeffrey Glass
Batting: RHB Steve Burton 0-0: Foul Ball, location: 2F
0-1: Called Strike
0-2: Ball
1-2: Fly out, F8 (Flyball, 8LXD)
Batting: RHB Ben Fisher 0-0: Called Strike
0-1: Foul Ball, location: 2F
0-2: Ball
1-2: Strikes out swinging
Batting: LHB Héctor Santos 0-0: Ball
1-0: Foul Ball, location: 2F
1-1: Ball
2-1: Foul Ball, location: 2F
2-2: Ball
3-2: Base on Balls
Batting: RHB Rijk de Rade 0-0: Ball
1-0: Called Strike
1-1: Called Strike
1-2: Ball
2-2: Strikes out swinging
Top of the 6th over - 0 runs, 0 hits, 0 errors, 1 left on base; Red Deer 1 - Bismark 3
BOTTOM OF THE 6TH
Bismark Border Guards batting - Pitching for Red Deer Wranglers : RHP Melvin Hicks
Pitching: RHP Pat Ferson
Batting: RHB Mario Carranza 0-0: Ball
1-0: Called Strike
1-1: Fly out, F8 (Flyball, 8LM)
Batting: RHB Danny Spode 0-0: Ground out 4-3 (Groundball, 4)
Batting: RHB Leonard Harris 0-0: Foul Ball, location: 2F
0-1: Ball
1-1: Foul Ball, location: 2F
1-2: Strikes out swinging
Bottom of the 6th over - 0 runs, 0 hits, 0 errors, 0 left on base; Red Deer 1 - Bismark 3
TOP OF THE 7TH
Red Deer Wranglers batting - Pitching for Bismark Border Guards : LHP Jeffrey Glass
Batting: LHB Francisco Blanco 0-0: Called Strike
0-1: Fly out, F9 (Flyball, 9D)
Batting: RHB Allen Brown 0-0: Ground out 5-3 (Groundball, 5)
Batting: RHB Art Cameron 0-0: Ball
1-0: Ground out 6-3 (Groundball, 56)
Top of the 7th over - 0 runs, 0 hits, 0 errors, 0 left on base; Red Deer 1 - Bismark 3
BOTTOM OF THE 7TH
Bismark Border Guards batting - Pitching for Red Deer Wranglers : RHP Pat Ferson
Batting: RHB Jim Love 0-0: Called Strike
0-1: Ball
1-1: Ball
2-1: Ground out U3 (Groundball, 34)
Batting: RHB José Vidal 0-0: Ball
1-0: Foul Ball, location: 2F
1-1: Swinging Strike
1-2: Strikes out swinging
Pitching: LHP Ernesto Pérez
Batting: LHB Cisco Villanueva 0-0: Ball
1-0: Fly out, F7 (Line Drive, 78D)
Bottom of the 7th over - 0 runs, 0 hits, 0 errors, 0 left on base; Red Deer 1 - Bismark 3
TOP OF THE 8TH
Red Deer Wranglers batting - Pitching for Bismark Border Guards : LHP Jeffrey Glass
Now in LF: Oliver Sánchez
Batting: LHB Rubén Salazar 0-0: Ball
1-0: Ground out 6-3 (Groundball, 6)
Batting: LHB Jorge Olvera 0-0: Foul Ball, location: 2F
0-1: Ball
1-1: Swinging Strike
1-2: Strikes out swinging
Batting: RHB Steve Burton 0-0: Ball
1-0: SOLO HOME RUN (Flyball, 7D), Distance : 363 ft
Batting: RHB Ben Fisher 0-0: Ball
1-0: Ball
2-0: Ball
3-0: Called Strike
3-1: Called Strike
3-2: Base on Balls
Pinch Runner at 1st Valentín Reyes:
Batting: LHB Héctor Santos 0-0: Foul Ball, location: 2F
0-1: Ball
1-1: SINGLE (Flyball, 7S)
Valentín Reyes to second
Batting: RHB Rijk de Rade 0-0: Ball
1-0: Called Strike
1-1: Ball
2-1: Ball
3-1: Called Strike
3-2: Ground out 5-3 (Groundball, 56)
Top of the 8th over - 1 run, 2 hits, 0 errors, 2 left on base; Red Deer 2 - Bismark 3
BOTTOM OF THE 8TH
Bismark Border Guards batting - Pitching for Red Deer Wranglers : LHP Ernesto Pérez
Pitching: RHP Raúl Zumaya
Now at 3B: Adam Gentry
Batting: RHB Sergio Solíz 0-0: Ball
1-0: Fly out, F6 (Popup, 6MS)
Batting: RHB Vincent Braun 0-0: Ball
1-0: Called Strike
1-1: Ball
2-1: Ball
3-1: Foul Ball, location: 2F
3-2: SINGLE (Groundball, 6MD)
Pinch Runner at 1st Júlio Romano:
Batting: RHB Enrique Soto 0-0: Ball
1-0: 2-RUN HOME RUN (Flyball, 7LD), Distance : 446 ft
Pitching: RHP Matt Taylor
Batting: RHB Mario Carranza 0-0: Ball
1-0: Ball
2-0: Ball
3-0: Called Strike
3-1: Swinging Strike
3-2: Fly out, F8 (Flyball, 78D)
Batting: RHB Danny Spode 0-0: Called Strike
0-1: Foul Ball, location: 2F
0-2: Foul Ball, location: 2F
0-2: Ball
1-2: Ball
2-2: SINGLE (Line Drive, 34)
Batting: RHB Oliver Sánchez 0-0: Ball
1-0: Ball
2-0: Ball
3-0: Base on Balls
Danny Spode to second
Batting: RHB Jim Love 0-0: Called Strike
0-1: Ball
1-1: Swinging Strike
1-2: Strikes out looking
Bottom of the 8th over - 2 runs, 3 hits, 0 errors, 2 left on base; Red Deer 2 - Bismark 5
TOP OF THE 9TH
Red Deer Wranglers batting - Pitching for Bismark Border Guards : LHP Jeffrey Glass
Pitching: RHP César Rodríguez
Now at 1B: António Martínez
Batting: LHB Francisco Blanco 0-0: Ball
1-0: Ball
2-0: Foul Ball, location: 2F
2-1: Swinging Strike
2-2: Ball
3-2: Ground out 1-3 (Groundball, 13)
Batting: RHB Allen Brown 0-0: Ground out 6-3 (Groundball, 6)
Batting: RHB Art Cameron 0-0: Ball
1-0: Called Strike
1-1: Ball
2-1: Ball
3-1: Foul Ball, location: 2F
3-2: Strikes out swinging
Top of the 9th over - 0 runs, 0 hits, 0 errors, 0 left on base; Red Deer 2 - Bismark 5
Saturday, April 7th, 2018 - OOTP Baseball 18.8 Build 76